AoeStats
← rse|10b|HuNt3r

Arena

507563978Analyzed
3v3 RM · 12d ago on Sep 18, 2026· 64m 17s· 6 players
Game mode
Random Map
Map size
Normal (6 player)
Population
200
Speed
Normal
Resources
Standard
Victory
Conquest
Starting age
Dark Age
Ending age
Imperial Age
RankedLock teamsTeams togetherTeam positionsShared explorationLock speedFull tech treeHidden civsTurbo modeCheats
Victory
Defeat
🇮🇹 Turks · Italy
948
+15
🇺🇸 Franks · United States
928
+16
🇳🇱 Spanish · Netherlands
901
+17
🇩🇪 Tatars · Germany
964
-17
🇩🇪 Turks · Germany
923
-16
🇩🇪 Vietnamese · Germany
891
-15
TOBZ
10:49 Feudal Age
15:06 Castle Age
13:29 Double-Bit Axe
14:29 Horse Collar
15:04 Gold Mining
22:37 Imperial Age
30:55 Gold Shaft Mining
30:34 Bow Saw
34:27 Two-Man Saw
33:50 Heavy Plow
36:48 Scale Barding Armor
36:54 Forging
37:34 Caravan
38:44 Theocracy
39:03 Wheelbarrow
38:13 Town Watch
38:14 Loom
38:55 Husbandry
39:05 Bloodlines
38:30 Heavy Camel Rider
41:00 Chain Barding Armor
41:15 Iron Casting
45:30 Hand Cart
58:05 Hand Cart
el_Commandante
11:15 Feudal Age
15:34 Castle Age
15:14 Fletching
15:15 Horse Collar
15:46 Double-Bit Axe
16:39 Husbandry
23:14 Gold Mining
23:14 Stone Mining
23:36 Bow Saw
23:30 Heavy Plow
34:07 Imperial Age
32:13 Wheelbarrow
31:27 Town Watch
33:15 Scale Barding Armor
33:21 Forging
35:34 Bloodlines
34:45 Elite Steppe Lancer
35:59 Conscription
36:19 Silk Armor
37:35 Iron Casting
37:31 Chain Barding Armor
43:03 Blast Furnace
42:38 Plate Barding Armor
45:44 Light Cavalry
54:40 Hussar
rse|10b|HuNt3r
11:41 Feudal Age
12:50 Double-Bit Axe
17:58 Castle Age
16:11 Horse Collar
17:15 Gold Mining
17:19 Stone Mining
18:56 Bow Saw
18:49 Heavy Plow
19:25 Stone Shaft Mining
21:36 Wheelbarrow
21:24 Fletching
21:34 Padded Archer Armor
24:37 Ballistics
26:12 Hand Cart
26:00 Bodkin Arrow
26:21 Leather Archer Armor
29:47 Imperial Age
28:21 Elite Skirmisher
29:05 Murder Holes
29:34 Town Watch
29:34 Loom
29:48 Imperial Skirmisher
31:00 Bracer
31:16 Town Patrol
32:23 Ring Archer Armor
33:24 Crop Rotation
33:56 Two-Man Saw
34:05 Chemistry
34:07 Caravan
33:49 Pikeman
35:31 Forging
35:27 Scale Barding Armor
35:23 Scale Mail Armor
35:16 Halberdier
37:21 Iron Casting
37:24 Chain Mail Armor
45:16 Paper Money
45:31 Plate Mail Armor
45:07 Scale Barding Armor
52:08 Elite Fire Lancer
dangerdan
5:25 Loom
11:35 Feudal Age
12:43 Town Watch
16:08 Double-Bit Axe
19:56 Castle Age
17:57 Horse Collar
20:41 Squires
22:38 Heavy Plow
22:49 Bow Saw
22:32 Gold Mining
36:29 Imperial Age
36:50 Heavy Camel Rider
39:11 Gold Shaft Mining
42:26 Fortified Wall
51:52 Bloodlines
61:14 Arson
sfdejonge
6:20 Loom
10:17 Feudal Age
15:55 Castle Age
14:09 Double-Bit Axe
14:44 Gold Mining
14:38 Horse Collar
22:45 Heavy Plow
24:07 Wheelbarrow
25:24 Bow Saw
25:06 Stone Mining
27:24 Bloodlines
27:15 Husbandry
27:07 Light Cavalry
27:57 Scale Barding Armor
28:03 Forging
28:40 Hand Cart
30:16 Chain Barding Armor
31:04 Iron Casting
34:53 Imperial Age
32:15 Fletching
32:26 Scale Mail Armor
32:39 Masonry
34:49 Bodkin Arrow
34:51 Murder Holes
35:17 Ballistics
34:47 Town Watch
35:26 Sanctity
34:57 Cavalier
36:40 Blast Furnace
36:16 Plate Barding Armor
36:13 Architecture
36:50 Two-Man Saw
36:09 Bracer
37:46 Chemistry
37:13 Supremacy
37:18 Paladin
38:55 Padded Archer Armor
39:51 Stone Shaft Mining
39:57 Arrowslits
41:07 Conscription
41:04 Hussar
42:05 Leather Archer Armor
43:29 Ring Archer Armor
45:35 Thumb Ring
47:58 Fervor
57:12 Caravan
63:35 Spies/Treason
Your_Dad
11:06 Feudal Age
13:09 Double-Bit Axe
16:53 Castle Age
17:40 Wheelbarrow
17:52 Bow Saw
19:37 Scale Barding Armor
19:43 Forging
19:42 Husbandry
26:15 Chain Barding Armor
29:38 Iron Casting
36:55 Imperial Age
37:01 Imperial Age
34:52 Hand Cart
38:14 Conscription
38:00 Chivalry
37:27 Cavalier
38:47 Plate Barding Armor
38:48 Paladin
40:41 Blast Furnace
44:43 Fletching
53:39 Gold Mining
53:39 Stone Mining
Connection lost

Rejoining the realm…

Still unreachable

The connection could not be restored.

Session expired

The server has moved on; the page needs a fresh start.